 Dungeon Crawl Stone Soup version 0.31.0-2-g5a2aebc5c2 (webtiles) character file.

Game seed: 12259004918769592746

589 stipulation the Grappler (level 7, -1/57 HPs)
             Began as a Ghoul Monk on Jan 21, 2024.
             Slain by a gnoll
             ... wielding a +0 spear
              (7 damage)
             ... on level 5 of the Dungeon.
             The game lasted 00:01:59 (3703 turns).

stipulation the Grappler (Ghoul Monk)               Turns: 3703, Time: 00:02:00

Health: -1/57      AC:  7    Str: 17    XL:     7   Next: 38%
Magic:  7/7        EV: 10    Int:  9    God:
Gold:   165        SH:  0    Dex: 11    Spells: 6/6 levels left

rFire   . .          .
                       - Unarmed
rCold   + . .        c - orb {light}
rNeg    + + +        o - +0 scale mail
rPois   ∞            h - +0 helmet
rElec   .            (no cloak)
rCorr   .            (no gloves)
SInv    .            (no boots)
Will    .....        (no amulet) Stlth
                     (no ring)
HPRegen 0.00/turn    (no ring)
MPRegen 0.10/turn

%: no passive effects
@: confused, ambrosia-drunk, inhibited regen, glowing
A: claws 1, cold resistance 1, negative energy resistance 3, inhibited
regeneration, torment resistance 2, devour on kill
a: no special abilities


You were on level 5 of the Dungeon.
You visited 1 branch of the dungeon, and saw 5 of its levels.

You collected 165 gold pieces.

Inventory:

Missiles
 p - a throwing net (quivered)
Armour
 a - a +0 robe
 c - an orb of light (worn)
 h - a +0 helmet (worn)
 o - a +0 scale mail (worn)
Jewellery
 i - a ring of wizardry
Scrolls
 d - 2 scrolls of amnesia {unknown}
 e - 2 scrolls of enchant armour {unknown}
 f - a scroll of brand weapon {unknown}
 g - 3 scrolls of enchant weapon {unknown}
 j - a scroll of identify {unknown}
 k - a scroll of fog {unknown}
 m - 3 scrolls of teleportation {unknown}
 q - a scroll of revelation {unknown}
 t - a scroll of silence {unknown}
Potions
 l - 2 potions of enlightenment {unknown}
 n - 3 potions of curing {unknown}
 r - a potion of haste {unknown}
 s - 2 potions of might {unknown}


   Skills:
 - Level 3.2 Fighting
 - Level 2.6 Dodging
 + Level 9.1 Unarmed Combat


You had 6 spell levels left.
You didn't know any spells.
Your spell library contained the following spells:

 Spells                   Type           Power      Damage    Failure   Level
 Kiss of Death            Conj/Necr      0%         2d5       83%         1
 Confusing Touch          Hex            0%         N/A       99%         3
 Gell's Gravitas          Tloc           0%         N/A       99%         3
 Teleport Other           Tloc           0%         N/A       99%         3
 Volatile Blastmotes      Fire/Tloc      0%         2d10      99%         3
 Dispel Undead            Necr           0%         3d6       100%        4
 Fulminant Prism          Conj/Alch      0%         3d5       100%        4
 Iskenderun's Mystic Bla  Conj/Tloc      0%         2d3       100%        4
 Dispersal                Tloc           0%         N/A       100%        6


Dungeon Overview and Level Annotations

Branches:
Dungeon (5/15)
 Temple: D:4-7

Altars:
Fedhas
Okawaru

Annotations:
D:4 2 runed translucent doors, sasquatch's ghost, amateur DsSh


Innate Abilities, Weirdness & Mutations

You are immune to poison.
You have sharp fingernails.
Your flesh is cold resistant. (rC+)
You are immune to negative energy. (rN+++)
You do not regenerate when monsters are visible.
You are immune to unholy pain and torment.
You thrive by killing the living.


Message History

You are too injured to fight recklessly!
You are too injured to fight recklessly!
You are too injured to fight recklessly!
You are too injured to fight recklessly!
You are too injured to fight recklessly!
You are too injured to fight recklessly!
You are too injured to fight recklessly!
You are too injured to fight recklessly!
You are too injured to fight recklessly!
You scratch the adder.
The adder is heavily wounded.
The adder bites you but does no damage.
You claw the adder!
You kill the adder!
The shadow imp barely misses you.
The gnoll hits you with a +1 flail of holy wrath.
You convulse.
The gnoll hits you from afar with a +0 spear.
The gnoll hits you with a +0 flail!
* * * LOW HITPOINT WARNING * * *
There is an open door here.
You see here an adder corpse.
You claw the gnoll!
You kill the gnoll!
The shadow imp hits you but does no damage.
The gnoll hits you with a +0 flail.
* * * LOW HITPOINT WARNING * * *
The gnoll hits you from afar with a +0 spear.
* * * LOW HITPOINT WARNING * * *
You are confused.
You feel invigorated. The shadow imp hits you.
* * * LOW HITPOINT WARNING * * *
The gnoll hits you with a +0 flail.
* * * LOW HITPOINT WARNING * * *
The gnoll closely misses you.
You scratch the gnoll.
The gnoll is heavily wounded.
The shadow imp closely misses you.
The gnoll hits you from afar with a +0 spear!
You die...

##......####..#
..............#
#.............#
...............
.............#
......g....#
#.5)g....# #@####
#....# # #....#.#
#....#.# #......#
#....### #....#
####>##########
######...........#


You could see 2 gnolls and a shadow imp.

Vanquished Creatures
  An ice beast (D:3)
  An ogre (D:3)
  2 scorpions (D:4)
  2 bombardier beetles (D:4)
  A sleepcap (D:4)
  2 iguanas (D:4)
  A gnoll (D:5)
  7 adders
  A white imp (D:4)
  2 dart slugs
  6 orcs (D:4)
  9 endoplasms
  4 giant cockroaches
  11 goblins
  4 hobgoblins (D:4)
  A jackal (D:1)
  7 kobolds
  4 quokkas (D:3)
  7 ball pythons
  5 bats
  3 frilled lizards (D:1)
  6 rats
87 creatures vanquished.

Notes
Turn   | Place    | Note
-------+----------+-------------------------------------------
     0 | D:1      | stipulation the Ghoul Monk began the quest for the Orb.
     0 | D:1      | Reached XP level 1. HP: 19/19 MP: 1/1
     1 | D:1      | Found a runed translucent door.
   102 | D:1      | Found a faded altar of an unknown god.
   294 | D:1      | Reached XP level 2. HP: 26/26 MP: 2/2
   494 | D:1      | Reached skill level 4 in Unarmed Combat
   954 | D:2      | Reached XP level 3. HP: 31/31 MP: 3/3
  1057 | D:2      | Reached skill level 5 in Unarmed Combat
  1093 | D:2      | Found a blossoming altar of Fedhas.
  1281 | D:2      | Reached XP level 4. HP: 36/38 MP: 4/4
  1910 | D:3      | Noticed an ogre
  1919 | D:3      | Killed an ogre
  1920 | D:3      | Reached skill level 6 in Unarmed Combat
  1920 | D:3      | Reached XP level 5. HP: 29/45 MP: 5/5
  1926 | D:3      | Noticed an ice beast
  1950 | D:3      | Killed an ice beast
  1951 | D:3      | Reached skill level 7 in Unarmed Combat
  1951 | D:3      | Reached XP level 6. HP: 19/51 MP: 6/6
  2695 | D:4      | Found a runed translucent door.
  2696 | D:4      | Noticed sasquatch's ghost (amateur DsSh)
  2796 | D:4      | Found an iron altar of Okawaru.
  3027 | D:4      | Reached skill level 8 in Unarmed Combat
  3050 | D:4      | Found a runed translucent door.
  3156 | D:4      | Reached XP level 7. HP: 44/57 MP: 7/7
  3451 | D:4      | Reached skill level 9 in Unarmed Combat
  3669 | D:5      | Entered Level 5 of the Dungeon
  3702 | D:5      | HP: 2/57 [gnoll/+0 flail (4)]
  3703 | D:5      | Slain by a gnoll

Illustrated notes

Levels and vault maps discovered:
D:1:      dpeg_arrival_caged_fury, layout_basic,
          shapermc_ecumenical_altar_mp_ritualfount
D:2:      layout_basic, basic_altar, kennysheep_doodads
D:3:      minmay_general_purpose_star, layout_loops_ring, old_standard_altar
D:4:      layout_gridville, okawaru_gym_becter, ebering_ghost_sewer_f,
          minmay_goblin_outpost
D:5:      gammafunk_steamed_eel, layout_basic

Skill      XL: |  1  2  3  4  5  6  7 |
---------------+----------------------+-----
Unarmed Combat | 4 5 6 7 8 9 |  9.1
Fighting       | |  3.2
Dodging        | |  2.6

Action                     |  1- 3 |  4- 6 |  7- 9 || total
---------------------------+-------+-------+-------++-------
  Melee: Unarmed           |    93 |    83 |    37 ||   213
    Use: Potion            |       |       |     1 ||     1
 Armour: Robe              |    55 |     9 |       ||    64
         Scale mail        |       |    41 |    42 ||    83
  Dodge: Dodged            |    61 |    24 |    23 ||   108
